 Dungeon Crawl Stone Soup version 0.22-a0-348-gd16d139 (webtiles) character file.

174 sankara the Ruffian (level 5, -1/50 HPs)
             Began as a Troll Berserker on Apr 10, 2018.
             Was a Believer of Trog.
             Succumbed to a goblin's poison
             ... on level 3 of the Dungeon.
             The game lasted 00:05:31 (2094 turns).

sankara the Ruffian (Troll Berserker)               Turns: 2094, Time: 00:05:32

Health: -1/50      AC:  6    Str: 25    XL:     5   Next: 28%
Magic:  4/4        EV: 10    Int:  4    God:    Trog [**....]
Gold:   89         SH:  0    Dex:  9    Spells: 4/4 levels left

rFire    . . .     SeeInvis .     - Unarmed
rCold    . . .     Gourm    +   (no shield)
rNeg     . . .     Faith    .   a - +0 animal skin
rPois    .         Spirit   .   (helmet restricted)
rElec    .         Reflect  .   l - +0 cloak
rCorr    .         Harm     .   (gloves unavailable)
MR       .....                  (boots unavailable)
Stlth    +.........             (no amulet)
HPRegen  0.56/turn              (no ring)
MPRegen  0.09/turn              (no ring)

@: lethally poisoned (-1 -> -34), berserk cooldown, slowed, drained, very slow
A: large, unfitting armour, claws 3, fast metabolism 3, gourmand, regeneration
1, shaggy fur 1, tough skin 2
a: Berserk, Trog's Hand, Renounce Religion


You were on level 3 of the Dungeon.
You worshipped Trog.
Trog was pleased with you.
You were not hungry.

You visited 1 branch of the dungeon, and saw 3 of its levels.

You collected 89 gold pieces.

Inventory:

Missiles
 h - 4 large rocks (quivered) {!d}
 i - 62 stones
Armour
 a - a +0 animal skin (worn)
 l - a +0 cloak (worn)
   (You took it off Crazy Yiuf on level 2 of the Dungeon)
Jewellery
 m - an uncursed ring of ice {rC+, rF-}
   (You found it on level 2 of the Dungeon)
Wands
 o - a wand of paralysis (11)
   (You took it off Ijyb on level 3 of the Dungeon)
Scrolls
 c - a scroll of magic mapping {unknown}
 d - 3 scrolls of remove curse {unknown}
 e - a scroll of enchant weapon {unknown}
 k - a scroll of amnesia {unknown}
Potions
 f - a potion of heal wounds {unknown}
 g - a potion of flight {unknown}
 j - a potion of haste {unknown}
 n - a potion of curing {unknown}
Comestibles
 b - 4 rations


   Skills:
 - Level 2.4(2.1) Fighting
 - Level 2.4(2.1) Dodging
 * Level 6.1(5.7) Unarmed Combat


You had 4 spell levels left.
You didn't know any spells.

Dungeon Overview and Level Annotations

Branches:
Dungeon (3/15)

Altars:
Makhleb
Xom


Innate Abilities, Weirdness & Mutations

You are too large for most types of armour.
You have claws for hands.
Your metabolism is lightning-fast.
You like to eat raw meat.
Your natural rate of healing is unusually fast.
You are covered in fur. (AC +1)
You have very tough skin. (AC +2)


Message History

You have reached level 5!
The frilled lizard bites you.
You claw the frilled lizard!
You kill the frilled lizard!
Trog accepts your kill.
A hound comes into view.
The hound barks!
Things that are here:
a leather armour; a wand of paralysis (11)
There isn't anything to butcher here.
o - a wand of paralysis (11)
You feel a strong urge to attack something.
You are no longer berserk.
You are exhausted.
You feel yourself slow down.
A goblin comes into view. It is wielding a dagger of venom.
The goblin shouts!
The hound bites you. The hound bites you but does no damage.
You scratch the hound. Your claw misses the hound.
The hound is lightly wounded.
The hound bites you but does no damage. x2
You closely miss the hound.
The hound is lightly wounded.
The hound barely misses you. The hound bites you.
You closely miss the hound.
The hound is lightly wounded.
The hound bites you but does no damage. x2
You closely miss the hound.
The hound is lightly wounded.
The hound bites you but does no damage. The hound closely misses you.
You closely miss the hound.
The hound is lightly wounded.
The hound closely misses you. The goblin hits you but does no damage.
You are poisoned.
The hound misses you.
You miss the hound.
The hound is lightly wounded.
You feel sick. The hound barely misses you.
The goblin hits you but does no damage.
You are more poisoned.
The hound bites you.
The goblin hits you with a dagger of venom.
You are more poisoned.
You claw the hound!
The hound is almost dead.
You feel very sick. The hound bites you. The hound barely misses you.
The goblin hits you with a dagger of venom.
You are more poisoned.
You barely miss the hound.
The hound is almost dead.
You feel very sick. The hound barely misses you.
The goblin hits you with a dagger of venom.
The hound closely misses you.
You are too injured to fight recklessly!
You are too injured to fight recklessly!
You are too injured to fight recklessly!
You miss the hound.
The hound is almost dead.
You feel very sick. The hound bites you but does no damage.
The goblin hits you with a dagger of venom.
You are more poisoned.
The hound misses you. The goblin barely misses you.
You mangle the hound!!
You kill the hound!
Trog accepts your kill.
Your base Unarmed Combat skill increases to level 6!
You feel very sick.
The goblin hits you with a dagger of venom.
You barely miss the goblin.
You feel very sick. The goblin closely misses you.
You closely miss the goblin.
You feel very sick.
The goblin hits you with a dagger of venom.
* * * LOW HITPOINT WARNING * * *
The goblin misses you.
You scratch the goblin.
The goblin is severely wounded.
* * * LOW HITPOINT WARNING * * *
You feel very sick. The goblin hits you but does no damage.
You are more poisoned.
You closely miss the goblin.
The goblin is severely wounded.
* * * LOW HITPOINT WARNING * * *
You feel very sick.
The goblin hits you with a dagger of venom.
* * * LOW HITPOINT WARNING * * *
You are more poisoned.
The goblin hits you but does no damage.
You are more poisoned.
You scratch the goblin.
You kill the goblin!
Trog accepts your kill.
* * * LOW HITPOINT WARNING * * *
You feel very sick.
You die...

#..####...............
.....................
#.###...............
...#......#.......
#.#......####...
##.[......... ..#
##..........#.. ##
#####.).#......## #
.......@#.........
####.##.#......#.. ...
#.##.#####.. ..#.
#.##.# . . #..#.# ##.
.# . ..


There were no monsters in sight!

Vanquished Creatures
  A hound (D:3)
  Crazy Yiuf (D:2)
  Ijyb (D:3)
  Jessica (D:2)
  Robin (D:2)
  An adder (D:2)
  A dart slug (D:1)
  2 leopard geckos (D:1)
  3 giant cockroaches
  13 goblins
  4 hobgoblins
  A kobold (D:1)
  2 bats
  3 frilled lizards
  3 rats
38 creatures vanquished.

Notes
Turn   | Place    | Note
-------+----------+-------------------------------------------
     0 | D:1      | sankara the Troll Berserker began the quest for the Orb.
     0 | D:1      | Reached XP level 1. HP: 22/22 MP: 0/0
   131 | D:1      | Reached XP level 2. HP: 29/29 MP: 1/1
  1140 | D:2      | Found a shimmering altar of Xom.
  1143 | D:2      | Noticed Jessica
  1160 | D:2      | Killed Jessica
  1160 | D:2      | Reached skill level 4 in Unarmed Combat
  1160 | D:2      | Reached XP level 3. HP: 29/36 MP: 2/2
  1187 | D:2      | Found a burning altar of Makhleb.
  1458 | D:2      | Noticed Robin
  1471 | D:2      | Reached ** piety under Trog
  1474 | D:2      | Killed Robin
  1474 | D:2      | Reached skill level 5 in Unarmed Combat
  1474 | D:2      | Reached XP level 4. HP: 33/44 MP: 3/3
  1893 | D:2      | Found a runed door.
  2006 | D:2      | Noticed Crazy Yiuf
  2014 | D:2      | Killed Crazy Yiuf
  2059 | D:3      | Noticed Ijyb
  2066 | D:3      | Paralysed by Ijyb for 2 turns
  2073 | D:3      | Killed Ijyb
  2073 | D:3      | Reached XP level 5. HP: 50/50 MP: 4/4
  2088 | D:3      | Reached skill level 6 in Unarmed Combat
  2091 | D:3      | HP: 12/50 [poisoned by a goblin]
  2093 | D:3      | HP: 3/50 [poisoned by a goblin]
  2094 | D:3      | Succumbed to a goblin's poison

Vault maps used:
D:1:      minmay_arrival_pointy, serial_forest, infiniplex_forest_lined_room_,
          infiniplex_forest_clump_medium, infiniplex_forest_corner_1,
          infiniplex_forest_lined_room_2, infiniplex_forest_straight_5,
          infiniplex_forest_corner_1, infiniplex_forest_straight_2,
          infiniplex_forest_zigzag_2, infiniplex_forest_3_way,
          infiniplex_forest_lined_3_way, minmay_tetromino_t2
D:2:      overflow_temple_1_default, lemuel_crystal_altar, uniq_robin,
          uniq_jessica, uniq_crazy_yiuf_cottage
D:3:      cheibrodos_sewer_entry_bend, uniq_ijyb

Skill      XL: |  1  2  3  4  5 |
---------------+----------------+-----
Unarmed Combat | 4 5 6 |  6.1
Fighting       | |  2.4
Dodging        | |  2.4

Action                   |  1- 3 |  4- 6 || total
-------------------------+-------+-------++-------
Melee: Unarmed           |    96 |    36 ||   132
       Punch             |     1 |       ||     1
Invok: Berserk           |     1 |     2 ||     3
  Eat: Chunk             |    14 |     8 ||    22
Armor: Animal skin       |    40 |    18 ||    58
Dodge: Dodged            |    57 |    15 ||    72

Table legend:
 A = Spawn XP
 B = Non-spawn XP
 C = Spawn XP percentage of total XP
 D = Spawn monster count
 E = Non-spawn monster count
 F = Spawn count percentage of total count
 G = Total turns spent on level
                    A         B        C        D         E        F      G
               +---------+---------+-------+---------+---------+-------+---------
         Total |       0 |     249 |   0.0 |       0 |      38 |   0.0 |  2094
               +---------+---------+-------+---------+---------+-------+---------
           D:1 |       0 |      26 |   0.0 |       0 |      13 |   0.0 |  1087
           D:2 |       0 |     137 |   0.0 |       0 |      21 |   0.0 |   963
           D:3 |       0 |      86 |   0.0 |       0 |       4 |   0.0 |    44
               +---------+---------+-------+---------+---------+-------+---------

Vault maps used:
D:1:      minmay_arrival_pointy, serial_forest, infiniplex_forest_lined_room_,
          infiniplex_forest_clump_medium, infiniplex_forest_corner_1,
          infiniplex_forest_lined_room_2, infiniplex_forest_straight_5,
          infiniplex_forest_corner_1, infiniplex_forest_straight_2,
          infiniplex_forest_zigzag_2, infiniplex_forest_3_way,
          infiniplex_forest_lined_3_way, minmay_tetromino_t2
D:2:      overflow_temple_1_default, lemuel_crystal_altar, uniq_robin,
          uniq_jessica, uniq_crazy_yiuf_cottage
D:3:      cheibrodos_sewer_entry_bend, uniq_ijyb

Table legend:
 A = Turns spent in this place as a percentage of turns spent in the entire game.
 B = Non-inter-level travel turns spent in this place as a percentage of non-inter-level travel turns spent in the entire game.
 C = Inter-level travel turns spent in this place as a percentage of turns spent in this place.
 D = Turns resting spent in this place as a percentage of non-inter-level travel turns spent in this place.
 E = Turns spent auto-exploring this place as a percentage of non-inter-level travel turns spent in this place.
 F = Non-inter-level travel turns spent in this place divided by the number of levels of this place that you've seen.
                   A       B       C       D       E      F
               +-------+-------+-------+-------+-------+----------------------
         Total | 100.0 | 100.0 |   2.4 |   0.3 |  83.1 | 681.3
       Dungeon | 100.0 | 100.0 |   2.4 |   0.3 |  83.1 | 681.3
               +-------+-------+-------+-------+-------+----------------------

Table legend:
 A = Kills in this place as a percentage of kills in entire the game.
 B = Kills by you in this place as a percentage of kills by you in the entire game.
 C = Kills by friends in this place as a percentage of kills by friends in the entire game.
 D = Other kills in this place as a percentage of other kills in the entire game.
 E = Experience gained in this place as a percentage of experience gained in the entire game.
 F = Experience gained in this place divided by the number of levels of this place that you have seen.
                   A       B       C       D       E      F
               +-------+-------+-------+-------+-------+----------------------
         Total | 100.0 | 100.0 |   N/A |   N/A | 100.0 |  83.0
       Dungeon | 100.0 | 100.0 |   N/A |   N/A | 100.0 |  83.0
               +-------+-------+-------+-------+-------+----------------------
